 Dungeon Crawl Stone Soup version 0.29.1-15-g9cfb28693d (webtiles) character file.

Game seed: 16521500373942228523

1439 101zpm the Thaumaturge (level 8, -13/52 HPs)
             Began as a Mummy Necromancer on Mar 7, 2023.
             Was an Initiate of Yredelemnul.
             Mangled by an orc warrior
             ... wielding a +0 halberd
              (14 damage)
             ... on level 7 of the Dungeon.
             The game lasted 00:37:14 (7068 turns).

101zpm the Thaumaturge (Mummy Necromancer)          Turns: 7068, Time: 00:37:14

Health: -13/52     AC:  4    Str: 12    XL:     8   Next: 45%
Magic:  20/29      EV: 12    Int: 16    God:    Yredelemnul [......]
Gold:   300        SH:  0    Dex: 12    Spells: 13/24 levels left

rFire   . . .      SeeInvis .   q - staff of fire
rCold   + . .      Faith    .   (no shield)
rNeg    + + +      Spirit   .   a - +0 robe
rPois   ∞          Reflect  .   k - +0 helmet
rElec   .          Harm     .   (no cloak)
rCorr   .          Rampage  .   (no gloves)
Will    +....                   m - +0 pair of boots
Stlth   ++........              (no amulet)
HPRegen 0.17/turn               b - ring of magical power
MPRegen 0.21/turn               p - +4 ring of slaying

@: no status effects
A: cold resistance 1, negative energy resistance 3, torment resistance 2, heat
vulnerability 1, in touch with death 1, no potions
a: Renounce Religion, Recall Undead Harvest


You were on level 7 of the Dungeon.
You worshipped Yredelemnul.
Yredelemnul was noncommittal.
You visited 2 branches of the dungeon, and saw 8 of its levels.

You collected 300 gold pieces.

Inventory:

Armour
 a - a +0 robe (worn)
 k - a +0 helmet (worn)
 m - a +0 pair of boots (worn)
Magical Staves
 q - a staff of fire (weapon)
Jewellery
 b - a ring of magical power (left hand)
 p - a +4 ring of slaying (right hand)
Scrolls
 c - a scroll of silence
 d - 2 scrolls of magic mapping
 e - a scroll of blinking
 f - a scroll of identify
 g - a scroll of poison {unknown}
 h - 3 scrolls of enchant armour
 i - 3 scrolls of teleportation {unknown}
 j - 3 scrolls of brand weapon {unknown}
 l - a scroll of vulnerability {unknown}
 n - 3 scrolls of enchant weapon
 o - a scroll of butterflies {unknown}


   Skills:
 + Level 0.2 Fighting
 + Level 1.8 Dodging
 + Level 3.0 Stealth
 + Level 8.7 Spellcasting
 + Level 7.7 Necromancy
 + Level 1.3 Transmutations
 + Level 0.1 Air Magic
 + Level 1.2 Poison Magic


You had 13 spell levels left.
You knew the following spells:

 Your Spells              Type           Power      Damage    Failure   Level
a - Necrotise             Necr           100%       1d9       1%          1
b - Vampiric Draining     Necr           47%        2d9       1%          3
c - Sting                 Tmut/Pois      44%        1d5       6%          1
d - Animate Dead          Necr           47%        N/A       4%          4
e - Poisonous Vapours     Pois/Air       18%        N/A       12%         2

Your spell library contained the following spells:

 Spells                   Type           Power      Damage    Failure   Level
 Passwall                 Tmut/Erth      7%         N/A       12%         2
 Agony                    Necr           47%        N/A       12%         5
 Ensorcelled Hibernation  Hex/Ice        14%        N/A       16%         2
 Swiftness                Air            7%         N/A       28%         3
 Olgreb's Toxic Radiance  Pois           11%        N/A       52%         4
 Borgnjor's Vile Clutch   Necr/Erth      14%        N/A       52%         5
 Cause Fear               Hex            3%         N/A       71%         4
 Summon Hydra             Summ           3%         N/A       100%        7
 Dragon's Call            Summ           3%         N/A       100%        9
 Sublimation of Blood     Necr           Unusable   N/A       N/A         2
 Wereblood                Tmut           Unusable   N/A       N/A         2
 Death Channel            Necr           Unusable   N/A       N/A         6
 Dragon Form              Tmut           Unusable   N/A       N/A         7

Dungeon Overview and Level Annotations

Branches:
Dungeon (7/15)             Temple (1/1) D:5

Altars:
Ashenzari
Cheibriados
Gozag
Hepliaklqana
Makhleb
Nemelex Xobeh
Okawaru
Trog
Uskayaw
Vehumet
Wu Jian
Xom
Yredelemnul

Annotations:
D:3 1 runed translucent door, Crazy Yiuf


Innate Abilities, Weirdness & Mutations

You are immune to poison.
Your flesh is cold resistant. (rC+)
You are immune to negative energy. (rN+++)
You are immune to unholy pain and torment.
You are vulnerable to heat. (rF-)
You are in touch with the powers of death.
You do not drink.


Message History

Poisonous vapours surround the orc warrior!
The orc warrior looks even sicker.
Casting: Poisonous Vapours (safe; 12% risk of failure)
Confirm with . or Enter, or press ? or * to list all spells.
Aiming: Poisonous Vapours (safe; 12% risk of failure)
Press: ? - help, Dir - move target, f/p - orc warrior
Aim: an orc warrior, wielding a +0 halberd and wearing a +0 chain mail (very poisoned) Poisonous vapours surround the orc warrior!
The orc warrior looks even sicker.
The orc wizard casts a spell at you.
You are confused.
You're too confused to cast spells.
Unknown command.
You're too confused to move!
You're too confused to move!
The orc warrior hits you from afar with a +0 halberd!
The orc wizard points at you and mumbles some strange words.
The magic dart hits you.
You hear the faint creaking of a distant portcullis.
The orc wizard points at you and mumbles some strange words.
You easily resist.
The orc hits you with a +0 club.
The orc warrior hits you with a +0 halberd!
You feel less confused. The orc warrior barely misses you.
The orc warrior barely misses you.
Aiming: Necrotise (safe; 1% risk of failure)
Press: ? - help, Q - select action, (/) - cycle Shift-Dir - straight line, f/p - orc warrior
Aim: an orc warrior, wielding a +0 halberd and wearing a +0 chain mail (moderately wounded, very poisoned, chance to affect: 83%)
You feel a surge of power!
The orc wizard writhes in agony!
You kill the orc wizard!
The orc warrior hits you from afar with a +0 halberd!
* * * LOW HITPOINT WARNING * * *
Aiming: Necrotise (safe; 1% risk of failure)
Press: ? - help, Q - select action, (/) - cycle Shift-Dir - straight line, f/p - orc warrior
Aim: an orc warrior, wielding a +0 halberd and wearing a +0 chain mail (moderately wounded, very poisoned, chance to affect: 83%)
You feel a surge of power!
The orc writhes in agony!
You kill the orc!
The orc warrior hits you from afar with a +0 halberd!
You die...
Yredelemnul claims you as an undead slave.

##.#.# ...#.# ###..#.#
#...# #......# #.#...#
#......# !.. #.#...#
#......# ...##.#...# #.#.#
..........# #.)o#
....#.##..# #@#.#
....#.....######.#o......#
....#............#.......#
....#'#...########.......#
........### #.......#
........+##### #.#+###.#
.............# #.# #
.............# #.#
.............#


You could see an orc warrior (very poisoned).

Vanquished Creatures
  Grinder (D:3)
  Sigmund (D:6)
  Eustachio (D:4)
  A water moccasin (D:6)
  An ogre (D:5)
  2 scorpions
  2 hounds (D:5)
  7 jellies
  2 iguanas
  2 orc wizards
  Robin (D:3)
  A gnoll (D:5)
  2 river rats (D:3)
  12 adders
  A shadow imp (D:5)
  An ufetubus (D:5)
  3 worms
  2 dart slugs
  15 orcs
  5 bats
  3 endoplasms
  2 giant cockroaches
  11 goblins
  11 hobgoblins
  6 jackals
  12 kobolds
  A quokka (D:1)
  4 ball pythons
  A frilled lizard (D:2)
  7 rats
121 creatures vanquished.

Vanquished Creatures (collateral kills)
  A dart slug (D:2)
  A goblin (D:2)
  2 rats (D:3)
4 creatures vanquished.

Vanquished Creatures (others)
  An adder zombie (D:4)
  5 orc zombies
6 creatures vanquished.

Grand Total: 131 creatures vanquished

Notes
Turn   | Place    | Note
-------+----------+-------------------------------------------
     0 | D:1      | 101zpm the Mummy Necromancer began the quest for the Orb.
     0 | D:1      | Reached XP level 1. HP: 13/13 MP: 4/4
   159 | D:2      | Noticed an iguana
   166 | D:2      | Killed an iguana
   167 | D:2      | Reached skill level 3 in Spellcasting
   167 | D:2      | Reached XP level 2. HP: 9/19 MP: 6/6
   172 | D:2      | Gained mutation: You are in touch with the powers of death.
                  | [Mummy growth]
   172 | D:2      | Reached XP level 3. HP: 12/24 MP: 4/7
   613 | D:1      | Found a faded altar of an unknown god.
  1571 | D:2      | Reached skill level 5 in Necromancy
  1722 | D:3      | Reached XP level 4. HP: 28/30 MP: 9/9
  1821 | D:3      | Found a sparkling altar of Nemelex Xobeh.
  1837 | D:3      | Learned a level 3 spell: Vampiric Draining
  1839 | D:3      | Learned a level 1 spell: Sting
  1844 | D:3      | Learned a level 4 spell: Animate Dead
  1932 | D:5      | Entered Level 5 of the Dungeon
  1944 | D:5      | Reached skill level 4 in Spellcasting
  2116 | D:4      | Noticed Eustachio
  2126 | D:4      | Killed Eustachio
  2127 | D:4      | Reached skill level 5 in Spellcasting
  2127 | D:4      | Reached XP level 5. HP: 26/35 MP: 10/12
  2319 | D:4      | Reached XP level 6. HP: 41/41 MP: 10/14
  2563 | D:3      | Noticed Robin
  2587 | D:3      | Killed Robin
  2785 | D:3      | Reached skill level 6 in Spellcasting
  3232 | D:3      | Noticed Grinder
  3236 | D:3      | Paralysed by Grinder for 5 turns
  3247 | D:3      | Paralysed by Grinder for 3 turns
  3260 | D:3      | Paralysed by Grinder for 5 turns
  3266 | D:3      | Killed Grinder
  3267 | D:3      | Reached XP level 7. HP: 23/46 MP: 10/17
  3487 | D:3      | Found a runed translucent door.
  3488 | D:3      | Noticed Crazy Yiuf
  3605 | D:4      | Reached skill level 1 in Transmutations
  4359 | D:5      | Learned a level 2 spell: Poisonous Vapours
  4447 | D:5      | Reached skill level 7 in Spellcasting
  4544 | D:5      | Found a bloodstained altar of Trog.
  4544 | D:5      | Found an iron altar of Okawaru.
  5100 | D:5      | Found an ornate altar of the Wu Jian Council.
  5100 | D:5      | Found a burning altar of Makhleb.
  5322 | D:5      | Found a staircase to the Ecumenical Temple.
  5329 | D:5      | Reached skill level 8 in Spellcasting
  5553 | Temple   | Entered the Ecumenical Temple
  5664 | Temple   | Became a worshipper of Yredelemnul the Dark
  6022 | D:6      | Noticed Sigmund
  6023 | D:6      | Reached XP level 8. HP: 52/52 MP: 20/20
  6033 | D:6      | Killed Sigmund
  6661 | D:6      | Reached skill level 1 in Poison Magic
  6934 | D:6      | Reached * piety under Yredelemnul
  7067 | D:7      | HP: 1/52 [orc warrior/+0 halberd (17)]
  7068 | D:7      | Mangled by an orc warrior

Illustrated notes

Levels and vault maps discovered:
D:1:      psy_arrival_radial02, layout_loops_ring,
          shapermc_ecumenical_altar_totnotflames
D:2:      layout_basic
D:3:      layout_loops_cross, lemuel_doored_altar, lightli_sewer_entry_pipes,
          minmay_misc_feat_enclosed, uniq_crazy_yiuf_cottage, uniq_grinder,
          uniq_robin
D:4:      layout_loops_ring, uniq_eustachio, uniq_blork_the_orc, uniq_pikel
D:5:      layout_loops_corners, grunt_temple_overflow_bloody_war,
          gammafunk_temple_overflow_statue, minmay_temple_entry_fiery
D:6:      minmay_spotlight, layout_loops_cross, serial_shops, kennysheep_mini,
          st_stairs_11, uniq_sigmund
D:7:      layout_basic, enter_bailey_3, uniq_maggie
Temple:   kb_temple_of_zot

Skill      XL: |  1  2  3  4  5  6  7  8 |
---------------+-------------------------+-----
Spellcasting   | 3 5 6 8 |  8.7
Necromancy     | 5 6 7 |  7.7
Stealth        | 2 3 |  3.0
Transmutations | 1 |  1.3
Poison Magic   | 1 |  1.2
Fighting       | |  0.2
Dodging        | |  1.8
Air Magic      | |  0.1

Action                   |  1- 3 |  4- 6 |  7- 9 || total
-------------------------+-------+-------+-------++-------
Melee: Staff             |       |       |     4 ||     4
       Punch             |       |       |     1 ||     1
 Cast: Necrotise         |    61 |   109 |   106 ||   276
       Sting             |       |    12 |    11 ||    23
       Animate Dead      |       |     4 |     2 ||     6
       Poisonous Vapours |       |       |    17 ||    17
  Use: Scroll            |       |     5 |     1 ||     6
Armor: Robe              |     1 |    13 |     9 ||    23
Dodge: Dodged            |     7 |    39 |    20 ||    66
